 Dungeon Crawl Stone Soup version 0.28-a0-60-g54b5640690 (webtiles) character file.

Game seed: 11974826259734421245

2727 popfantom the Grappler (level 9, -1/85 HPs)
             Began as a Troll Berserker on July 30, 2021.
             Was an Elder of Trog.
             Slain by a death knight (13 damage)
             ... on level 7 of the Dungeon.
             The game lasted 00:29:07 (6302 turns).

popfantom the Grappler (Troll Berserker)            Turns: 6302, Time: 00:29:08

Health: -1/85      AC:  4    Str: 30    XL:     9   Next: 40%
Magic:  8/8        EV: 11    Int:  3    God:    Trog [****..]
Gold:   328        SH:  0    Dex:  9    Spells: 8/8 levels left

rFire   . . .      SeeInvis .     - Unarmed
rCold   . . .      Faith    .   (no shield)
rNeg    . . .      Spirit   .   a - +0 animal skin
rPois   .          Reflect  .   (helmet restricted)
rElec   .          Harm     .   (no cloak)
rCorr   .          Rampage  .   (gloves unavailable)
Will    .....      Clarity  +   (boots unavailable)
Stlth   ++........              (no amulet)
HPRegen 1.24/turn               (no ring)
MPRegen 0.11/turn               (no ring)

@: no status effects
A: large, unfitting armour, claws 3, regeneration 1, shaggy fur 1, tough skin 1,
clarity, mutation resistance 1
a: Renounce Religion, Berserk, Trog's Hand, Brothers in Arms


You were on level 7 of the Dungeon.
You worshipped Trog.
Trog was greatly pleased with you.
You visited 1 branch of the dungeon, and saw 7 of its levels.
You also visited: Sewer.

You collected 328 gold pieces.

Inventory:

Hand Weapons
 c - a +0 hunting sling
 g - a +2 dagger of speed
 r - a +0 giant club
 x - a +2 vorpal flail
Missiles
 e - 4 atropa-tipped darts
 f - 154 stones (quivered)
 j - 4 curare-tipped darts
 q - 14 sling bullets
Armour
 a - a +0 animal skin (worn)
Wands
 s - a wand of acid (9)
 u - a wand of charming (7)
Scrolls
 d - 2 scrolls of teleportation
 n - 2 scrolls of torment
 p - 2 scrolls of noise {unknown}
 v - a scroll of enchant weapon {unknown}
 y - a scroll of acquirement {unknown}
 z - a scroll of identify
Potions
 b - 3 potions of curing
 h - 4 potions of brilliance
 i - 2 potions of haste
 k - a potion of cancellation
 m - 3 potions of flight
 o - a potion of magic
 t - a potion of berserk rage {unknown}
 w - a potion of attraction {unknown}


   Skills:
 + Level 4.3 Fighting
 + Level 5.6 Dodging
 + Level 2.2 Stealth
 + Level 10.2 Unarmed Combat


You had 8 spell levels left.
You didn't know any spells.
Your spell library contained the following spells:

 Spells                   Type           Power      Damage    Failure   Level
 Slow                     Hex            0%         N/A       67%         2
 Call Canine Familiar     Summ           0%         N/A       88%         3
 Confusing Touch          Hex            0%         N/A       88%         3
 Portal Projectile        Hex/Tloc       0%         N/A       88%         3
 Stone Arrow              Conj/Erth      0%         3d7       88%         3
 Vampiric Draining        Necr           0%         2d6       88%         3
 Airstrike                Air            0%         N/A       99%         4
 Animate Armour           Summ/Erth      0%         N/A       99%         4
 Leda's Liquefaction      Hex/Erth       0%         N/A       99%         4
 Summon Lightning Spire   Summ/Air       0%         N/A       99%         4
 Iskenderun's Battlesphe  Conj           0%         2d6       100%        5
 Lightning Bolt           Conj/Air       0%         1d11      100%        5
 Iron Shot                Conj/Erth      0%         9d1       100%        6
 Spellforged Servitor     Conj/Summ      0%         N/A       100%        7
 Lehudib's Crystal Spear  Conj/Erth      0%         10d2      100%        8


Dungeon Overview and Level Annotations

Branches:
Dungeon (7/15)             Temple (0/1) D:5           Sewer (visited)

Altars:
Vehumet

Shops:
D:5 =*   D:7 (


Innate Abilities, Weirdness & Mutations

You are too large for most types of armour.
You have claws for hands.
Your natural rate of healing is unusually fast.
You are covered in fur. (AC +1)
You have tough skin. (AC +1)
You possess an exceptional clarity of mind.
You are somewhat resistant to further mutation.


Message History

You feel yourself slow down.
The death knight calls down the wrath of Yredelemnul upon you.
You resist with almost no effort.
Your skin stops crawling.
You feel less strong-willed.
The death knight's dark mirror aura disappears.
The death knight calls down the wrath of Yredelemnul upon you.
You barely resist.
The death knight invokes the aid of Yredelemnul against you.
Your body is wracked with pain!
Your extra speed is starting to run out.
You feel yourself speed up.
You feel yourself slow down.
The death knight offers itself to Yredelemnul, and fills with unholy energy.
You recover from your berserk rage.
You closely miss the death knight.
The death knight shouts!
The death knight hits you with a +4 broad axe of electrocution!
You mangle the death knight!!
The death knight is moderately wounded.
The death knight hits you with a +4 broad axe of electrocution!
You mangle the death knight!!
The death knight is heavily wounded.
The death knight completely misses you.
You scratch the death knight but do no damage.
The death knight is heavily wounded.
You claw the death knight!
The death knight is severely wounded.
The death knight hits you with a +4 broad axe of electrocution!!
You closely miss the death knight. Your claw misses the death knight.
The death knight is severely wounded.
The death knight hits you with a +4 broad axe of electrocution.
You claw the death knight!
The death knight is severely wounded.
The death knight hits you with a +4 broad axe of electrocution!
You claw the death knight!
The death knight is almost dead.
The death knight hits you with a +4 broad axe of electrocution!!
* * * LOW HITPOINT WARNING * * *
You are electrocuted!
You die...

#..#######...#######.#...####
#....................#.#>....
#..#####..####.#######.#.####
##........p.....# #.#.#
#######.######.# #.#.# #.#
####.# #...# #.# #....# #####
#.# #p#### #.# #@# ###### #.#
#.# #..... #.# #.# #.#### #.#
#.# #.# #.# #.# #.# #.# #.#
#.# #.# #.# #.#


You could see a death knight.

Vanquished Creatures
  A two-headed ogre (D:7)
  Duvessa (D:7)
  A water moccasin (D:7)
  An ice beast (D:7)
  A necrophage (D:7)
  An ogre (D:4)
  2 centaurs
  A phantom (D:5)
  2 kobold brigands
  A gnoll sergeant (D:5)
  2 scorpions
  2 bullfrogs
  Dowan (D:7)
  A wyvern zombie (D:6)
  2 howler monkeys
  A centaur zombie (D:7)
  4 hounds
  4 orc priests
  An iguana (D:6)
  4 orc wizards
  2 killer bee zombies (D:7)
  2 hound skeletons (D:4)
  4 gnolls (D:5)
  9 adders
  2 river rats
  A shadow imp (D:7)
  3 ufetubi
  A worm (D:2)
  5 dart slugs
  24 orcs
  6 bats
  6 endoplasms
  4 giant cockroaches
  5 hobgoblins
  5 jackals
  A quokka (D:5)
  5 ball pythons
  4 frilled lizards
  12 goblins
  12 kobolds
  8 rats
155 creatures vanquished.

Vanquished Creatures (others)
  8 plants (D:7)
8 creatures vanquished.

Grand Total: 163 creatures vanquished

Notes
Turn   | Place    | Note
-------+----------+-------------------------------------------
     0 | D:1      | popfantom the Troll Berserker began the quest for the Orb.
     0 | D:1      | Reached XP level 1. HP: 22/22 MP: 0/0
   201 | D:1      | Reached XP level 2. HP: 28/29 MP: 1/1
   857 | D:2      | Reached XP level 3. HP: 35/36 MP: 2/2
   864 | D:2      | Reached ** piety under Trog
  1211 | D:2      | Reached skill level 4 in Unarmed Combat
  1508 | D:2      | Reached XP level 4. HP: 44/44 MP: 3/3
  1899 | D:3      | Found a glowing drain.
  1937 | Sewer    | Entered a sewer
  1995 | Sewer    | Noticed a kobold brigand
  2017 | Sewer    | Killed a kobold brigand
  2018 | Sewer    | Reached XP level 5. HP: 45/53 MP: 4/4
  2228 | Sewer    | Found a glowing silver altar of Zin.
  2606 | D:3      | Reached skill level 5 in Unarmed Combat
  2766 | D:3      | Reached XP level 6. HP: 49/61 MP: 5/5
  2977 | D:3      | Gained mutation: You possess an exceptional clarity of
                  | mind. [potion of mutation]
  2977 | D:3      | Gained mutation: You are somewhat resistant to further
                  | mutation. [potion of mutation]
  3284 | D:4      | Reached skill level 6 in Unarmed Combat
  3353 | D:4      | Reached *** piety under Trog
  3529 | D:4      | Reached XP level 7. HP: 48/67 MP: 6/6
  3633 | D:4      | Found a radiant altar of Vehumet.
  4100 | D:4      | Reached skill level 1 in Stealth
  4213 | D:5      | Entered Level 5 of the Dungeon
  4213 | D:5      | Found Abbem's Jewellery Emporium.
  4232 | D:5      | Reached skill level 7 in Unarmed Combat
  4515 | D:5      | Found a staircase to the Ecumenical Temple.
  4610 | D:5      | Reached XP level 8. HP: 76/76 MP: 7/7
  4637 | D:5      | Found Xikhimie's Assorted Antiques.
  4710 | D:5      | Reached skill level 8 in Unarmed Combat
  5500 | D:7      | Noticed Dowan
  5500 | D:7      | Noticed Duvessa
  5520 | D:7      | Killed Duvessa
  5525 | D:7      | Reached skill level 9 in Unarmed Combat
  5528 | D:7      | Reached skill level 5 in Dodging
  5534 | D:7      | Killed Dowan
  5879 | D:7      | Found Giducug's Antique Weapon Shoppe.
  5891 | D:7      | Reached **** piety under Trog
  5927 | D:7      | Reached XP level 9. HP: 54/84 MP: 8/8
  6172 | D:7      | Noticed a two-headed ogre
  6173 | D:7      | Noticed a death knight
  6206 | D:7      | Killed a two-headed ogre
  6207 | D:7      | Reached skill level 10 in Unarmed Combat
  6302 | D:7      | Slain by a death knight

Illustrated notes

Levels and vault maps discovered:
D:1:      scummos_arrival_simple_fountains, layout_loops_corners, minmay_cut_off
D:2:      layout_loops_ring
D:3:      layout_basic, cheibrodos_sewer_entry_sluice, serial_rivers,
          chequers_serial_rivers_large_a, chequers_serial_rivers_room_a,
          chequers_serial_rivers_micro_a, chequers_serial_rivers_micro_b
D:4:      cheibrodos_greedy_goblins, layout_loops_corners, marbit_many_paths,
          minmay_crystal_room, grunt_ministairs_13,
          minmay_misc_feat_secret_circle
D:5:      layout_loops_ring, minmay_temple_entry_waves, serial_shops,
          nicolae_stop_n_shop_1, kennysheep_mini
D:6:      layout_basic, minmay_misc_feat_alley
D:7:      nzn_winding_woodlands_small [nzn_winding_woodlands_5x15_crooked,
          nzn_winding_woodlands_center_lodge,
          nzn_winding_woodlands_5x15_garden], layout_basic, serial_shops,
          nicolae_shop_waterfront, uniq_duvessa

Skill      XL: |  1  2  3  4  5  6  7  8  9 |
---------------+----------------------------+-----
Dodging        | 3 4 5 |  5.6
Unarmed Combat | 4 5 6 7 9 10 | 10.2
Fighting       | 3 4 |  4.3
Stealth        | 1 2 |  2.2

Action                   |  1- 3 |  4- 6 |  7- 9 || total
-------------------------+-------+-------+-------++-------
Melee: Unarmed           |    85 |   153 |   227 ||   465
       Punch             |       |     3 |    18 ||    21
Invok: Trog's Hand       |       |     4 |     2 ||     6
       Berserk           |       |     2 |     3 ||     5
  Use: Scroll            |     4 |     2 |     1 ||     7
       Potion            |       |     1 |     3 ||     4
 Stab: Sleeping          |       |       |     2 ||     2
Armor: Animal skin       |    45 |    46 |    48 ||   139
Dodge: Dodged            |    46 |    83 |    91 ||   220

Table legend: (Time is in decaauts)
 A = Elapsed time spent in this place.
 B = Non-inter-level travel time spent in this place.
 C = Inter-level travel time spent in this place.
 D = Time resting spent in this place.
 E = Time spent auto-exploring this place.
 F = Levels seen in this place.
 G = Mean time per level.
                   A        B        C        D        E       F      G
               +--------+--------+--------+--------+--------+-----+--------+
         Total |   6418 |   6418 |      0 |     46 |   2933 |   8 |  802.2 |
       Dungeon |   5935 |   5935 |      0 |     46 |   2850 |   7 |  847.9 |
         Sewer |    483 |    483 |      0 |      0 |     82 |   1 |  483.0 |
               +--------+--------+--------+--------+--------+-----+--------+

Top non-repeatable levels by time:
     D:4: 1225 daAuts
     D:3: 931 daAuts
     D:2: 859 daAuts
     D:1: 845 daAuts
     D:7: 827 daAuts
     D:5: 674 daAuts
     D:6: 571 daAuts
   Sewer: 483 daAuts
